 Dungeon Crawl Stone Soup version 0.28.0-53-g5a82cb258f (webtiles) character file.

Game seed: 2123398344698749380

131 Sin92 the Skirmisher (level 4, -1/37 HPs)
             Began as a Demonspawn Fighter on July 5, 2022.
             Was an Initiate of Okawaru.
             Slain by a gnoll
             ... wielding a +0 halberd
              (8 damage)
             ... on level 4 of the Dungeon.
             The game lasted 00:04:15 (2542 turns).

Sin92 the Skirmisher (Demonspawn Fighter)           Turns: 2542, Time: 00:04:16

Health: -1/37      AC:  6    Str: 19    XL:     4   Next: 91%
Magic:  4/4        EV:  9    Int:  9    God:    Okawaru [......]
Gold:   111        SH:  4    Dex: 12    Spells: 3/3 levels left

rFire   . . .      SeeInvis .   a - +1 war axe
rCold   . . .      Faith    .   e - +0 buckler of Insurance {rElec rPois Slay+2 Stlth-}
rNeg    . . .      Spirit   .   b - +0 scale mail
rPois   +          Reflect  .   (no helmet)
rElec   +          Harm     .   (no cloak)
rCorr   .          Rampage  .   (no gloves)
Will    .....                   (no boots)
Stlth   ..........              i - amulet of regeneration
HPRegen 0.92/turn               (no ring)
MPRegen 0.09/turn               (no ring)

@: no status effects
A: foul stench 2
a: Renounce Religion


You were on level 4 of the Dungeon.
You worshipped Okawaru.
Okawaru was noncommittal.
You visited 1 branch of the dungeon, and saw 4 of its levels.

You collected 111 gold pieces.

Inventory:

Hand Weapons
 a - a +1 war axe (weapon)
Armour
 b - a +0 scale mail (worn)
 c - a +0 buckler
 e - the +0 buckler of Insurance (worn) {rElec rPois Slay+2 Stlth-}
   (You acquired it on level 1 of the Dungeon)

   Slay:      It affects your accuracy & damage with ranged weapons and melee
   (+2).
   rElec:     It insulates you from electricity.
   rPois:     It protects you from poison.
   Stlth:     It makes you less stealthy.
Jewellery
 i - an amulet of regeneration (around neck)
Scrolls
 h - 3 scrolls of identify {unknown}
 j - 3 scrolls of teleportation {unknown}
 k - a scroll of holy word {unknown}
Potions
 g - a potion of curing


   Skills:
 + Level 3.8 Fighting
 + Level 2.7 Axes
 + Level 3.4 Armour
 + Level 3.4 Shields


You had 3 spell levels left.
You didn't know any spells.
Your spell library contained the following spells:

 Spells                   Type           Power      Damage    Failure   Level
 Apportation              Tloc           0%         N/A       85%         1
 Scorch                   Fire           0%         2d5       94%         2
 Frozen Ramparts          Ice            0%         1d2       99%         3
 Flame Wave               Conj/Fire      0%         2d4       100%        4
 Ozocubu's Refrigeration  Ice            0%         4d5       100%        7
 Animate Skeleton         Necr           Unusable   N/A       N/A         1
 Summon Small Mammal      Summ           Unusable   N/A       N/A         1
 Call Canine Familiar     Summ           Unusable   N/A       N/A         3
 Summon Cactus Giant      Summ           Unusable   N/A       N/A         6

Dungeon Overview and Level Annotations

Branches:
Dungeon (4/15)
 Temple: D:4-7

Altars:
Ashenzari
Okawaru

Shops:
D:4 *


Innate Abilities, Weirdness & Mutations

You sometimes emit foul miasma when damaged in melee.


Message History

You swing at nothing.
The gnoll hits you but does no damage.
You swing at nothing.
You feel less wooden.
Your +0 scale mail unmelds from your body.
The gnoll hits you from afar with a +0 spear.
The gnoll barely misses you.
You swing at nothing.
The gnoll hits you from afar with a +0 spear.
The gnoll hits you with a +0 spear. The gnoll closely misses you.
You closely miss the gnoll.
You feel a little less mighty now.
The gnoll hits you from afar with a +0 spear.
The gnoll hits you with a +0 spear. x2; You emit a cloud of foul miasma!
The gnoll hits you from afar with a +0 spear.
You completely miss the gnoll.
The gnoll is engulfed in dark miasma.
The gnoll is poisoned.
The gnoll seems to slow down.
The gnoll hits you with a +0 spear.
The gnoll hits you from afar with a +0 spear.
You slash the gnoll!
You kill the gnoll!
Okawaru accepts your kill.
The gnoll hits you from afar with a +0 spear.
The gnoll closely misses you. You block the gnoll's attack.
The gnoll hits you with a +0 spear.
Things that are here:
a +0 spear; a gnoll corpse You slash the gnoll!
The gnoll is almost dead.
You block the gnoll's attack. The gnoll hits you with a +0 spear.
Unknown command.
You slash the gnoll!
You kill the gnoll!
Okawaru accepts your kill.
The gnoll hits you from afar with a +0 halberd!
* * * LOW HITPOINT WARNING * * *
You hit the gnoll.
The gnoll is moderately wounded.
You block the gnoll's attack.
The gnoll hits you from afar with a +0 halberd!
You die...

###### ##.... #....# ....# ...##
#########...# #......@gg#.#
##########.#######...#
#............# ##'###
#.####.#.#.#.# ##gg.##
#.#.#.#.###..g..## ## #
#.####.#.#.#.##.......## ##.##.#
#..........#.#.........####...#.#
#..#####..>.[+.(...<...'.........
# #.....#.........#.##......


You could see 2 gnolls.

Vanquished Creatures
  4 adders (D:2)
  2 gnolls (D:4)
  An ufetubus (D:4)
  2 worms
  A dart slug (D:1)
  3 orcs (D:3)
  6 ball pythons
  4 bats
  2 endoplasms
  2 giant cockroaches (D:2)
  5 goblins
  3 hobgoblins
  6 jackals (D:2)
  3 quokkas
  5 frilled lizards
  5 kobolds
  6 rats
60 creatures vanquished.

Notes
Turn   | Place    | Note
-------+----------+-------------------------------------------
     0 | D:1      | Sin92 the Demonspawn Fighter began the quest for the Orb.
     0 | D:1      | Reached XP level 1. HP: 18/18 MP: 1/1
   448 | D:1      | Gained mutation: You may rarely emit foul miasma when
                  | damaged in melee. [demonic ancestry]
   448 | D:1      | Reached XP level 2. HP: 20/24 MP: 2/2
  1089 | D:1      | Identified a scroll of acquirement
  1089 | D:1      | Acquired the +0 buckler of Insurance {rElec rPois Slay+2
                  | Stlth-}
  1172 | D:2      | Gained mutation: You sometimes emit foul miasma when
                  | damaged in melee. [demonic ancestry]
  1172 | D:2      | Reached XP level 3. HP: 22/29 MP: 3/3
  1373 | D:2      | Found a faded altar of an unknown god.
  1603 | D:2      | Reached XP level 4. HP: 32/35 MP: 4/4
  2021 | D:3      | Found an iron altar of Okawaru.
  2040 | D:3      | Became a worshipper of Warmaster Okawaru
  2053 | D:3      | Found a broken altar of Ashenzari.
  2239 | D:3      | Got the Volume of Summoning and the Snowflakes
  2420 | D:4      | Found Nazudyu's Mayhem Merchandise.
  2542 | D:4      | Slain by a gnoll

Illustrated notes

Levels and vault maps discovered:
D:1:      amcnicky_arrival_underground_garden, layout_basic, nrook_campfire
D:2:      layout_rooms, hellmonk_ecumenical_altar_inner_sanctum
D:3:      layout_loops_cross, general_overflow_altar,
          mainiacjoe_overflow_alcove_1, minivault_4
D:4:      layout_loops_corners, minmay_shop_mayhem

Skill      XL: |  1  2 |
---------------+-------+-----
Axes           | 2 |  2.7
Armour         | 3 |  3.4
Shields        | 3 |  3.4
Fighting       | |  3.8

Action                   |  1- 3 |  4- 6 || total
-------------------------+-------+-------++-------
Melee: War axe           |    90 |    59 ||   149
  Use: Scroll            |     4 |       ||     4
       Potion            |       |     3 ||     3
Armor: Scale mail        |    43 |    16 ||    59
       Skin              |       |    31 ||    31
Dodge: Dodged            |    50 |    38 ||    88
Block: Buckler           |    23 |    23 ||    46
